AoeStats
← GoodLuck

Enclosed

506098985Analyzed
1v1 RM · 20d ago on Sep 12, 2026· 31m 17s· 2 players
Game mode
Random Map
Map size
Tiny (2 player)
Population
200
Speed
Normal
Resources
Standard
Victory
Conquest
Starting age
Dark Age
Ending age
Imperial Age
RankedLock teamsTeams togetherTeam positionsShared explorationLock speedFull tech treeHidden civsTurbo modeCheats
Victory
Defeat
🇹🇼 Romans · Taiwan
1773
+17
🇮🇳 Inca · India
1793
-17
GoodLuck
5:54 Loom
8:48 Feudal Age
9:23 Double-Bit Axe
10:16 Man-at-Arms
12:13 Scale Mail Armor
20:18 Castle Age
20:30 Forging
21:25 Chain Mail Armor
21:51 Squires
23:53 Long Swordsman
30:11 Iron Casting
Yo Yo
10:52 Feudal Age
10:34 Loom
10:49 Loom
11:10 Champi Runner
12:07 Horse Collar
15:59 Scale Mail Armor
17:18 Double-Bit Axe
18:10 Forging
18:26 Town Watch
21:10 Wheelbarrow
24:31 Castle Age
24:47 Champi Warrior
25:30 Squires
26:14 Chain Mail Armor
28:49 Iron Casting
Connection lost

Rejoining the realm…

Still unreachable

The connection could not be restored.

Session expired

The server has moved on; the page needs a fresh start.